AoeStats
← 李天尊

African Clearing

510709252Analyzed
4v4 RM · 10h ago on Oct 2, 2026· 46m 9s· 8 players
Game mode
Random Map
Map size
Large (8 player)
Population
200
Speed
Normal
Resources
Standard
Victory
Conquest
Starting age
Dark Age
Ending age
Imperial Age
RankedLock teamsTeams togetherTeam positionsShared explorationLock speedFull tech treeHidden civsTurbo modeCheats
Victory
Defeat
🇭🇰 Varangians · Hong Kong SAR China
1433
+12
🇹🇼 Saxons · Taiwan
1393
+14
🇹🇼 Danes · Taiwan
1371
+15
🇨🇳 Vietnamese · China
1228
+20
🇺🇸 Slavs · United States
1432
-19
🇹🇷 Poles · Türkiye
1366
-16
🇪🇪 Mongols · Estonia
1284
-13
🇪🇸 Malians · Spain
1273
-13
牛拉松
5:04 Loom
12:05 Feudal Age
12:37 Double-Bit Axe
16:28 Gold Mining
20:09 Castle Age
18:39 Stone Mining
21:10 Light Cavalry
22:59 Wheelbarrow
24:02 Bow Saw
24:39 Gold Shaft Mining
25:38 Forging
26:45 Town Watch
27:54 Horse Collar
30:02 Scale Barding Armor
31:42 Hand Cart
31:39 Fletching
35:32 Imperial Age
33:02 Bodkin Arrow
33:43 Chain Barding Armor
34:43 Iron Casting
34:53 Scale Mail Armor
34:15 Pikeman
34:56 Squires
34:41 Arson
34:43 Gambesons
37:07 Ballistics
37:47 Chemistry
36:59 Masonry
37:10 Bracer
37:26 Chain Mail Armor
36:55 Treadmill Crane
38:40 Two-Man Saw
37:29 Elite Varangian Guard
38:23 Heavy Plow
39:05 Guard Tower
40:10 Arrowslits
40:37 Padded Archer Armor
41:07 Plate Mail Armor
41:15 Halberdier
43:00 Conscription
46:22 Hoardings
percy5655
5:22 Loom
14:14 Feudal Age
15:24 Double-Bit Axe
19:42 Wheelbarrow
20:23 Bloodlines
25:10 Castle Age
23:10 Horse Collar
23:48 Stone Mining
23:49 Gold Mining
25:48 Forging
26:26 Hand Cart
26:36 Town Watch
27:12 Fletching
28:51 Bow Saw
29:09 Heavy Plow
33:23 Bodkin Arrow
33:29 Padded Archer Armor
35:20 Leather Archer Armor
37:33 Thumb Ring
44:29 Imperial Age
44:38 Capped Ram
45:43 Paper Money
44:47 Elite Rattan Archer
45:29 Bracer
45:59 Ring Archer Armor
46:44 Ring Archer Armor
李天尊
11:19 Feudal Age
10:37 Loom
11:25 Man-at-Arms
13:36 Double-Bit Axe
15:20 Horse Collar
19:24 Castle Age
21:17 Padded Archer Armor
21:09 Fletching
21:35 Bow Saw
22:00 Town Watch
23:00 Bodkin Arrow
26:40 Wheelbarrow
27:33 Bloodlines
31:20 Husbandry
32:19 Thumb Ring
36:05 Ballistics
41:14 Imperial Age
39:03 Padded Archer Armor
40:01 Hand Cart
40:36 Gambesons
40:51 Squires
42:11 Bracer
42:16 Gold Mining
42:17 Stone Mining
43:02 Conscription
42:09 Cranequins
44:58 Chemistry
45:05 Heavy Mounted Crossbowman
明月清风
13:04 Feudal Age
11:21 Loom
16:54 Castle Age
15:11 Double-Bit Axe
18:20 Bow Saw
21:28 Bloodlines
22:19 Horse Collar
22:45 Husbandry
25:21 Scale Barding Armor
27:05 Chain Barding Armor
26:58 Gold Mining
28:26 Wheelbarrow
28:31 Forging
31:42 Iron Casting
36:36 Imperial Age
34:54 Stone Mining
36:29 Stone Shaft Mining
36:43 Cavalier
36:46 Vendel Legacy
37:46 Conscription
38:04 Plate Barding Armor
39:14 Blast Furnace
43:51 Elite Jarl
44:49 Capped Ram
DonQuijote
5:50 Loom
6:59 Loom
13:03 Feudal Age
16:57 Castle Age
15:21 Double-Bit Axe
20:03 Bow Saw
23:51 Wheelbarrow
23:59 Fletching
27:13 Town Watch
29:19 Tigui
30:48 Bodkin Arrow
36:41 Ballistics
37:49 Horse Collar
39:52 Heavy Plow
39:48 Gold Mining
44:10 Imperial Age
43:58 Hand Cart
44:41 Heavy Camel Rider
Enn Tore
5:51 Loom
12:19 Feudal Age
13:04 Double-Bit Axe
14:04 Scale Barding Armor
20:42 Castle Age
20:12 Scale Mail Armor
20:23 Forging
20:47 Pikeman
JokaDaJesta
2:52 Loom
13:23 Feudal Age
17:39 Castle Age
16:15 Double-Bit Axe
21:26 Wheelbarrow
23:11 Horse Collar
25:37 Fletching
25:37 Town Watch
28:14 Heavy Plow
29:35 Hand Cart
30:48 Gold Mining
33:54 Imperial Age
32:29 Gold Shaft Mining
32:06 Bow Saw
31:51 Stone Mining
33:20 Ballistics
33:55 Capped Ram
35:07 Siege Engineers
35:04 Siege Ram
37:46 Heavy Scorpion
46:09 Conscription
Shamdan
3:55 Loom
14:39 Feudal Age
15:27 Double-Bit Axe
22:29 Castle Age
20:42 Horse Collar
22:07 Wheelbarrow
23:46 Bow Saw
23:41 Heavy Plow
23:45 Gold Mining
23:44 Town Watch
23:55 Gold Mining
28:57 Hand Cart
29:12 Scale Barding Armor
29:18 Forging
30:01 Bloodlines
29:51 Husbandry
32:02 Husbandry
35:27 Chain Barding Armor
35:00 Fletching
39:50 Imperial Age
37:58 Forging
38:32 Szlachta Privileges
40:42 Iron Casting
39:53 Cavalier
40:02 Capped Ram
Connection lost

Rejoining the realm…

Still unreachable

The connection could not be restored.

Session expired

The server has moved on; the page needs a fresh start.